[Event "*** Titled Tuesday Blitz"]
[Site "Chess.com"]
[Date "2020.05.19"]
[Round "3"]
[White "1977Ivan"]
[Black "ChristopherYoo"]
[Result "1/2-1/2"]
[WhiteElo "2622"]
[BlackElo "2878"]
[TimeControl "180+1"]
[EndTime "12:29:46 PDT"]
[Termination "Game drawn - insufficient material"]

1. d4 Nf6 2. c4 g6 3. Nc3 d5 4. Nf3 Bg7 5. Qb3 dxc4 6. Qxc4 O-O 7. e4 Nc6 8. Be2 Bg4 9. d5 Bxf3 10. gxf3 Na5 11.
Qd3 Nd7 12. f4 c6 13. e5 cxd5 14. Nxd5 Nc5 15. Qf3 e6 16. Be3 Rc8 17. Nc3 Nd3+ 18. Bxd3 Qxd3 19. Rd1 Qa6 20. Qe2 Nc4 21. O-O Rfd8 22.
Rxd8+ Rxd8 23. b3 Nxe3 24. fxe3 Qxe2 25. Nxe2 Rd2 26. Nd4 Bh6 27. Rc1 Bxf4 28. Rc8+ Kg7 29. Nxe6+ fxe6 30. exf4 Rxa2 31. Rc7+ Kh6 32. Rxb7 Kh5 33. h3 Kh4 34. Rxh7+ Kg3 35. Kf1 Kxf4 36. Rg7 Kf5 37. Kg1 a5 38. Rg8 Ra3 39. Rb8 Kxe5 40.
Kg2 Kd4 41. Kg3 Kc3 42. Kf4 Rxb3 43. Ra8 Kb4 44. h4 a4 45. Kg5 a3 46. Kxg6 Rh3 47. h5 Kb3 48. h6 a2 49. h7 Kb2 50. Rb8+ Kc1 51. Ra8 Kb2 52. Rb8+ Ka1 53. Rb7 e5 54. Kf5 Rh5+ 55. Ke4 Rxh7 56. Rxh7 Kb2 57. Rb7+ Kc2 58. Ra7 Kb1 59. Rb7+ Kc2 60. Ra7 Kb2 61. Rxa2+ Kxa2 62.
Kxe5 1/2-1/2

[Event "*** Titled Tuesday Blitz"]
[Site "Chess.com"]
[Date "2020.05.19"]
[Round "3"]
[White "enriquetejedor"]
[Black "yuki_chess123"]
[Result "1-0"]
[WhiteElo "2470"]
[BlackElo "2143"]
[TimeControl "180+1"]
[EndTime "12:29:47 PDT"]
[Termination "enriquetejedor won by checkmate"]

1. e4 g6 2. Nc3 Bg7 3. d4 c6 4.
Nf3 d5 5. h3 f6 6. Bd3 Nh6 7.
Bxh6 Bxh6 8. O-O O-O 9. Ne2 Be6 10. Re1 Nd7 11. exd5 Bxd5 12. Nc3 e5 13. Nxd5 cxd5 14.
dxe5 fxe5 15. Nxe5 Nxe5 16. Rxe5 Bg7 17. Re2 Bxb2 18.
Rb1 Qf6 19. c4 Bd4 20. Rxb7 Bxf2+ 21. Kh1 d4 22. Ree7 Rae8 23. Qe2 Rxe7 24. Rxe7 Be3 25.
Rxa7 Qb6 26. Re7 Qf6 27. Re4 Qg5 28. Rg4 Qe5 29. Qe1 Qf6 30. a4 Kg7 31. a5 Rf7 32. c5 Re7 33. a6 Bg5 34. Re4 Rf7 35. Re6 Qf4 36. Re4 Qc7 37. Rxd4 Qxc5 38. Re4 Qa3 39. Be2 Qb2 40. Rc4 Bd2 41. Qd1 Be3 42. Rc2 Qe5 43. Bf3 Qg3 44. Qa1+ Kh6 45. Rc4 Bf4 46. Rxf4 Qxf4 47.
a7 Rxa7 48. Qxa7 Qc1+ 49. Qg1 Qf4 50. Qh2 Qe3 51. Qg3 Qc1+ 52. Kh2 g5 53. Qd6+ Kg7 54. Qe7+ Kg6 55. Be4+ Kh5 56. Qxh7# 1-0

[Event "*** Titled Tuesday Blitz"]
[Site "Chess.com"]
[Date "2020.05.19"]
[Round "3"]
[White "mfwagnerpeixoto"]
[Black "guillembaches"]
[Result "1-0"]
[WhiteElo "2232"]
[BlackElo "2406"]
[TimeControl "180+1"]
[EndTime "12:29:47 PDT"]
[Termination "mfwagnerpeixoto won on time"]

1. e4 c5 2. Nf3 d6 3. d4 cxd4 4. Nxd4 Nf6 5. Nc3 Nc6 6. Bg5 e6 7. Qd2 h6 8. Be3 Ng4 9. Bb5 Bd7 10. O-O Nxe3 11. fxe3 Ne5 12. Be2 Be7 13. Nf3 O-O 14.
Rad1 Bc6 15. Nd4 Qb6 16. Rb1 Rad8 17. a4 Bg5 18. Kh1 Qb4 19. Rfd1 a6 20. b3 Rc8 21.
Nf3 Nxf3 22. gxf3 Bf6 23. Nd5 Qxd2 24. Nxf6+ gxf6 25. Rxd2 d5 26. exd5 Bxd5 27. e4 Bc6 28. Rbd1 Rfe8 29. c4 Kf8 30. Kg1 Ke7 31. Kf2 Rg8 32.
Rg1 h5 33. Rxg8 Rxg8 34. Rd1 h4 35. Rg1 Rd8 36. Rg4 Rd2 37. Ke3 Rb2 38. Rxh4 Rxb3+ 39. Kf2 Bxa4 40. e5 fxe5 41. c5 Bb5 42. Bxb5 Rxb5 43. Rc4 a5 44. c6 bxc6 45. Rxc6 Rb2+ 46. Kg3 a4 47. Ra6 Rb4 48. h4 Kf6 49. Ra7 Kg6 50.
h5+ Kxh5 51. Rxf7 Kg5 52. Ra7 Kf5 53. Ra5 Rd4 54. Ra8 Rd3 55. Rxa4 1-0

[Event "*** Titled Tuesday Blitz"]
[Site "Chess.com"]
[Date "2020.05.19"]
[Round "3"]
[White "Tormoz"]
[Black "MrTattaglia"]
[Result "0-1"]
[WhiteElo "2664"]
[BlackElo "3027"]
[TimeControl "180+1"]
[EndTime "12:29:48 PDT"]
[Termination "MrTattaglia won on time"]

1. d4 Nf6 2. Nf3 e6 3. g3 d5 4.
Bg2 Bb4+ 5. c3 Be7 6. c4 O-O 7.
Qc2 Nbd7 8. O-O c6 9. Rd1 b6 10. b3 Bb7 11. Nc3 Ba6 12. Nd2 Rc8 13. e4 c5 14. exd5 exd5 15. Nxd5 Nxd5 16. Bxd5 Nf6 17.
Bg2 cxd4 18. Nf3 Bc5 19. Bb2 b5 20. Nxd4 bxc4 21. bxc4 Qb6 22. Rab1 Rfe8 23. Bf3 Bf8 24. Nf5 Rxc4 25. Qb3 Rb4 26. Qc2 Ne4 27. Bd4 Qe6 28. Rxb4 Qxf5 29. Bxe4 Rxe4 30. Rb8 Re1+ 31. Rxe1 Qxc2 32.
Bb2 h5 33. Ba3 Qc3 34. Bb4 Qb2 35. Rxf8+ Kh7 36. Rb8 Bc4 37. Bd6 Qxa2 38. Rbb1 Bd5 39.
Be5 Qa3 40. Re3 Qa2 41. Rbe1 a5 42. h4 a4 43. Bd6 Qc2 44. Ba3 Qf5 45. Bb2 f6 46.
Ba3 Bc6 47. Rd1 Bb7 48. Ree1 Qf3 49. Kf1 Ba6+ 50. Kg1 Bb7 51. Kf1 Qxa3 52. Ra1 Ba6+ 53. Kg1 Qb3 54. Reb1 Qc4 55. Rc1 Qe4 56. Re1 Qg4 0-1

[Event "*** Titled Tuesday Blitz"]
[Site "Chess.com"]
[Date "2020.05.19"]
[Round "3"]
[White "lili_ani"]
[Black "hypert"]
[Result "1-0"]
[WhiteElo "2578"]
[BlackElo "2378"]
[TimeControl "180+1"]
[EndTime "12:29:48 PDT"]
[Termination "lili_ani won by resignation"]

1. d4 d5 2. c4 e6 3. Nf3 c6 4. e3 Bd6 5. Bd3 f5 6. O-O Nf6 7. b3 Qe7 8. a4 b6 9. Ba3 c5 10. Nc3 O-O 11. Nb5 Nc6 12. cxd5 Nxd5 13. Nxd6 Qxd6 14. dxc5 bxc5 15. Rc1 Ncb4 16. e4 Nf4 17.
Bc4 Qxd1 18. Rfxd1 fxe4 19. Ng5 Nbd3 20. Rc2 Bb7 21. Nxe6 Nxe6 22. Bxe6+ Kh8 23. Bc4 Rfd8 24. Rcd2 Rac8 25. f3 Rd4 26. fxe4 Ne5 27. Rxd4 cxd4 28.
Rxd4 h6 29. h3 Nxc4 30. bxc4 Re8 31. Rd7 Bxe4 32. Bb2 Rb8 33. Bxg7+ Kg8 34. Be5 Rb1+ 35. Kh2 Rc1 36. Rxa7 Rc2 37. Rg7+ Kf8 38. Rg4 Rxc4 39.
a5 Bd5 40. a6 Rxg4 41. hxg4 Kf7 42. Bf4 Kg6 43. a7 Ba8 44. g3 h5 45. gxh5+ Kxh5 46. Kh3 Kg6 47. g4 Bb7 48. Kg3 Ba8 49. Be3 Bb7 50. Kf4 Kf6 51. g5+ Kg6 52. Ke5 Ba8 53.
Kd6 Kf5 54. Kc7 Ke6 55. Kb8 Kd7 56. Kxa8 Kc7 57. g6 1-0

[Event "*** Titled Tuesday Blitz"]
[Site "Chess.com"]
[Date "2020.05.19"]
[Round "3"]
[White "BernardoRoselli"]
[Black "ChessBitl"]
[Result "0-1"]
[WhiteElo "2447"]
[BlackElo "2324"]
[TimeControl "180+1"]
[EndTime "12:29:48 PDT"]
[Termination "ChessBitl won by resignation"]

1. e4 c5 2. Nf3 Nc6 3. d4 cxd4 4.
Nxd4 g6 5. Nc3 Bg7 6. Nb3 Nf6 7. g4 d6 8. g5 Nd7 9. h4 h5 10. gxh6 Bxh6 11. Bxh6 Rxh6 12. Qd2 Rh8 13. O-O-O Nde5 14. f4 Ng4 15. Kb1 Be6 16. Nd5 Qd7 17. Bb5 O-O-O 18. Nd4 Kb8 19. Bxc6 bxc6 20. Nxe7 Ka8 21. Nexc6 Rc8 22.
Nxe6 Qxc6 23. Ng5 f6 24. Nf7 Rh7 25. Nxd6 Rd7 26. Qe2 Rxd6 27. Rxd6 Qxd6 28. Qxg4 Qc6 29. Qe2 f5 30. Re1 Rh8 31. exf5 gxf5 32. h5 Qh6 33. b3 Qxh5 34. Qxh5 Rxh5 35. Re5 Kb7 36. Kb2 Kc6 37. a4 a6 38. Kc3 Rh3+ 39. Kc4 Rh2 40. c3 Rh5 41. b4 Kb6 42. a5+ Kc6 43. Kd4 Kd6 44. c4 Rh1 45. Rxf5 Rd1+ 46. Kc3 Rc1+ 47.
Kd3 Rd1+ 48. Kc2 Rf1 49. Rf6+ Kc7 50. Rxa6 Rxf4 51. Kc3 Kb7 52. Rb6+ Ka7 53. c5 Rf1 54.
Kc4 Rf5 55. Kb5 Rf7 56. Rh6 Rh7 57. a6 Rxh6 58. Kc4 Kxa6 59. b5+ Ka5 60. b6 Rh4+ 61.
Kd5 Rh5+ 62. Kc6 Rh6+ 63. Kc7 Ka6 64. c6 Rh7+ 65. Kd6 Kxb6 66. c7 Rxc7 67. Kd5 Rc1 68. Kd6 Kb5 69. Ke5 Rc3 70. Ke6 Kb4 71. Ke5 Rc5+ 0-1

[Event "*** Titled Tuesday Blitz"]
[Site "Chess.com"]
[Date "2020.05.19"]
[Round "3"]
[White "SketchyMoves"]
[Black "VojtechPlat"]
[Result "0-1"]
[WhiteElo "2620"]
[BlackElo "2893"]
[TimeControl "180+1"]
[EndTime "12:29:49 PDT"]
[Termination "VojtechPlat won by resignation"]

1. e4 d6 2. d4 Nf6 3. Nc3 e5 4. Nf3 Nbd7 5. Bc4 Be7 6. h3 O-O 7. dxe5 dxe5 8. O-O c6 9. a4 a5 10. Qe2 Qc7 11. Bg5 Nc5 12. Rad1 Ne6 13. Bxe6 Bxe6 14. Nb1 Rfd8 15. b3 h6 16. Bh4 Nh5 17. Bxe7 Nf4 18.
Qe3 Qxe7 19. Kh2 Qf6 20. Rfe1 Qg6 21. Nh4 Qh5 22. Rxd8+ Rxd8 23. Qg3 Rd1 24. f3 Rxe1 25. Qxe1 Bxh3 26. g3 Be6 27. gxf4 exf4 28. Kg1 g5 29.
Nf5 Qxf3 30. Nxh6+ Kh7 31. Nf5 Qg4+ 32. Kf2 Bxf5 33. exf5 Qxf5 34. Qd1 Qc5+ 35. Kf3 Qe3+ 36. Kg4 Qg3+ 37. Kf5 f3 38. Kf6 Qf4+ 39. Ke7 f2 40.
Nd2 g4 41. Nf1 Kg7 42. Qd3 Qe5+ 43. Kd7 Qd5+ 44. Qxd5 cxd5 45. Kd6 f5 46. Kxd5 f4 47. Ke4 g3 48. Kf3 Kf6 49. c3 Ke5 50. b4 axb4 51.
cxb4 Kd4 52. b5 Kc5 53. Kg2 Kb4 54. Nd2 Kxa4 55. Nc4 Kxb5 56. Nd6+ Kc6 57. Ne4 b5 58. Ng5 b4 59. Ne6 Kd5 60. Nxf4+ Kc4 61. Ne2 b3 62.
Nxg3 b2 63. Ne4 f1=Q+ 64. Kxf1 b1=Q+ 65. Kf2 Qxe4 0-1

[Event "*** Titled Tuesday Blitz"]
[Site "Chess.com"]
[Date "2020.05.19"]
[Round "3"]
[White "WhiteCapital80"]
[Black "Harsha_Bharathakoti"]
[Result "0-1"]
[WhiteElo "2445"]
[BlackElo "2747"]
[TimeControl "180+1"]
[EndTime "12:29:49 PDT"]
[Termination "Harsha_Bharathakoti won by resignation"]

1. e4 c5 2. Nf3 Nc6 3. d4 cxd4 4. Nxd4 Nf6 5. Nc3 d6 6. Be2 e5 7. Nb3 Be7 8. O-O O-O 9. f4 a5 10. a4 Nb4 11. Kh1 Be6 12. f5 Bd7 13. Bf3 Bc6 14. Bg5 Nd7 15. Be3 Nf6 16. Bg5 Rc8 17. Qe2 h6 18.
Bxf6 Bxf6 19. Rad1 Qc7 20. g3 Rfd8 21. h4 Be8 22.
Rd2 b6 23. Rfd1 Be7 24. Kg2 Qc4 25. Qe3 Qc7 26. Be2 Bc6 27. Bf3 Qb7 28. Qe2 Bf6 29. Kh2 Be7 30. Qe3 Na6 31. Qe2 Nc7 32. Kg2 Ra8 33. Nc1 b5 34. axb5 Nxb5 35. Nxb5 Bxb5 36. c4 Bc6 37. Nd3 a4 38. c5 dxc5 39. Nxe5 Bb5 40.
Qe3 Rxd2+ 41. Rxd2 Bf6 42. Qxc5 Rc8 43. Qd6 Rd8 44.
Qxd8+ Bxd8 45. Rxd8+ Kh7 46. Rd2 Qc7 47. Ng4 Qc1 48.
Rf2 Bd3 49. Ne5 Bc2 50. Nxf7 Qxb2 51. e5 a3 52. e6 Qc3 53. e7 Ba4 54. Be4 Qe3 55. Rf4 Kg8 56. f6 Kxf7 57. fxg7+ Kxg7 58. Bd5 Qe2+ 59. Kh3 Qxe7 60. Rg4+ Kf6 61. Rxa4 Qd7+ 62. g4 Qxa4 63. g5+ hxg5 64. hxg5+ Kxg5 65. Bf7 Qh4+ 66. Kg2 Kf4 0-1

[Event "*** Titled Tuesday Blitz"]
[Site "Chess.com"]
[Date "2020.05.19"]
[Round "3"]
[White "Alliswell998"]
[Black "Lion-Al-Messi"]
[Result "0-1"]
[WhiteElo "2512"]
[BlackElo "2315"]
[TimeControl "180+1"]
[EndTime "12:29:49 PDT"]
[Termination "Lion-Al-Messi won by checkmate"]

1. e4 e6 2. d4 d5 3. Nc3 Nf6 4. Bg5 dxe4 5. Nxe4 Be7 6. Bxf6 gxf6 7. Nf3 f5 8. Nc3 a6 9. Qe2 b5 10. O-O-O b4 11. Na4 Qd5 12. c4 bxc3 13. Nxc3 Qa5 14.
Ne5 Bb7 15. Qh5 O-O 16. Rd3 f4 17. Rh3 Be4 18. Bc4 Bf5 19. Bd3 Bxd3 20. Nxd3 Qxh5 21. Rxh5 Bd6 22. Ne4 Nd7 23. Nxd6 cxd6 24. Nxf4 Nf6 25.
Ra5 Rfc8+ 26. Kb1 Ne4 27. f3 Nd2+ 28. Ka1 Rc4 29. Ne2 Rc2 30. Ra3 Rb8 31. b3 Nxb3+ 32.
Rxb3 Rxb3 33. axb3 Rxe2 34. g3 Kg7 35. b4 Rd2 36.
Rc1 Rxd4 37. Rc6 d5 38. Rb6 a5 39. b5 Rb4 40. Ka2 d4 41. Rb8 d3 42. Rd8 Rxb5 43. Rxd3 Rd5 44. Re3 Rd2+ 45. Kb3 Rxh2 46. Kc4 Rb2 47. Kd4 Rb5 48. Rc3 a4 49. Rc8 Ra5 50. Rc2 a3 51. Ra2 Kf6 52. Ke4 Ra4+ 53.
Ke3 h5 54. Kf2 Kg5 55. Kg2 f5 56. Kh3 e5 57. Kg2 e4 58. Kf2 exf3 59. Kxf3 Ra5 60. Kg2 Kg4 61. Kh2 h4 62. gxh4 Kxh4 63. Kg2 Kg4 64. Kf2 f4 65. Kg2 f3+ 66. Kf2 Kf4 67. Kf1 Kg3 68. Kg1 Rb5 69. Kf1 Rb1# 0-1

[Event "*** Titled Tuesday Blitz"]
[Site "Chess.com"]
[Date "2020.05.19"]
[Round "3"]
[White "Supernotar"]
[Black "ajdemipopushi"]
[Result "1-0"]
[WhiteElo "2686"]
[BlackElo "2296"]
[TimeControl "180+1"]
[EndTime "12:29:50 PDT"]
[Termination "Supernotar won by resignation"]

1. d4 Nf6 2. c4 c5 3. Nf3 g6 4.
Nc3 cxd4 5. Nxd4 Nc6 6. g3 Bg7 7. Bg2 O-O 8. O-O Nxd4 9. Qxd4 d6 10. Qd3 a6 11. b3 Rb8 12. Bb2 b5 13. cxb5 axb5 14. Nxb5 Ba6 15. a4 Qd7 16. Rfb1 Bxb5 17. axb5 Qxb5 18. Qxb5 Rxb5 19. Bd4 Ng4 20. Bxg7 Kxg7 21.
Ra8 Rfb8 22. Rxb8 Rxb8 23. b4 e6 24. b5 Rb6 25. e3 d5 26. Bf1 Ne5 27. Kg2 Kf6 28.
f4 Nc4 29. Bxc4 dxc4 30. Rc1 Rxb5 31. Rxc4 Rb2+ 32. Kh3 h6 33. g4 Rb3 34. Re4 g5 35.
Kg3 gxf4+ 36. Rxf4+ Ke7 37. Kf3 Rb5 38. h4 f6 39. Ra4 h5 40. Ra7+ Kd6 41. Ra6+ Ke7 42.
gxh5 Rxh5 43. Kg4 Rb5 44. Ra7+ Kf8 45. e4 Rb4 46. Kf3 Rb3+ 47. Kf4 Rb4 48. h5 f5 49. Kg5 Rxe4 50. h6 Re1 51. h7 Rh1 52. Kg6 f4 53. Ra8+ Ke7 54. h8=Q Rxh8 55. Rxh8 Kd6 56. Kg5 e5 57.
Kg4 Kd5 58. Kf3 Kd4 59. Rd8+ Kc5 60. Ke4 1-0

[Event "*** Titled Tuesday Blitz"]
[Site "Chess.com"]
[Date "2020.05.19"]
[Round "3"]
[White "Bubi6"]
[Black "ASVZ"]
[Result "0-1"]
[WhiteElo "2605"]
[BlackElo "2392"]
[TimeControl "180+1"]
[EndTime "12:29:50 PDT"]
[Termination "ASVZ won by checkmate"]

1. e4 e6 2. d4 d5 3. Nc3 Bb4 4. e5 c5 5. dxc5 Ne7 6. Nf3 Nd7 7. Bd3 Nxc5 8. O-O Nxd3 9. cxd3 O-O 10. Qb3 Ba5 11. Be3 Bd7 12. Nb5 Bxb5 13. Qxb5 Bb6 14. Bxb6 Qxb6 15. Qxb6 axb6 16. a3 Rfc8 17. Rac1 Kf8 18.
Nd4 Ke8 19. f4 Kd7 20. Kf2 h5 21. h3 h4 22. Kf3 g6 23. Nb5 Nf5 24. Rc3 Rc5 25.
Rxc5 bxc5 26. Nc3 Ra5 27. Rb1 b5 28. Ne2 b4 29. axb4 cxb4 30. g4 hxg3 31. Nxg3 Nxg3 32.
Kxg3 Kc6 33. Kg4 Rc5 34. Kg5 Kb5 35. Kf6 Rc7 36. Ra1 b3 37. h4 Kb4 38. Kg5 Rc2 39. Kf6 Rxb2 40. Kxf7 Rf2 41. Kxe6 Rxf4 42. Kxd5 b2 43. Rb1 Kc3 44. e6 Rd4+ 45. Ke5 Rxd3 46. Re1 Kd2 47. Rb1 Kc2 48. Rxb2+ Kxb2 49. Kf6 Re3 50.
e7 Kc3 51. Kf7 Kd4 52. e8=Q Rxe8 53. Kxe8 Ke5 54. Kf7 Kf5 55. Kg7 g5 56. h5 g4 57.
h6 g3 58. h7 g2 59. h8=Q g1=Q+ 60. Kf8 Qc5+ 61. Kg8 Qc8+ 62. Kh7 Qd7+ 63. Kh6 Qe6+ 64.
Kh7 Qg6# 0-1

[Event "*** Titled Tuesday Blitz"]
[Site "Chess.com"]
[Date "2020.05.19"]
[Round "3"]
[White "UCantHandleDenker"]
[Black "alenee"]
[Result "0-1"]
[WhiteElo "2567"]
[BlackElo "2413"]
[TimeControl "180+1"]
[EndTime "12:29:50 PDT"]
[Termination "alenee won on time"]

1. Nf3 Nf6 2. c4 g6 3. g3 Bg7 4.
Bg2 O-O 5. O-O c5 6. Nc3 Nc6 7.
d3 e5 8. a3 d6 9. Rb1 a5 10.
Bg5 Be6 11. Ne1 h6 12. Bxf6 Bxf6 13. Nc2 Nd4 14. b4 axb4 15. axb4 b6 16. bxc5 bxc5 17. Bxa8 Qxa8 18. Nxd4 exd4 19. Nd5 Bxd5 20. cxd5 Qxd5 21. Qc2 h5 22. Qd2 Kg7 23. Qf4 Re8 24. Qf3 Qe5 25.
Rfe1 h4 26. Kg2 Re7 27. Rb7 Rxb7 28. Qxb7 d5 29. e4 dxe3 30. Rxe3 Qf5 31. h3 hxg3 32. Rxg3 c4 33. dxc4 dxc4 34. Qf3 Qxf3+ 35. Kxf3 c3 36.
Rg1 Bg5 37. Ke4 Bd2 38. Kd3 Kf6 39. Rg4 Kf5 40. f3 g5 41. Rc4 f6 42. Ke2 Kg6 43. Kd3 Kh5 44. Ke2 f5 45. Kd3 f4 46. Ke4 Kh4 47.
Kf5 Kxh3 48. Kxg5 Kg3 49. Kf5 Kxf3 50. Ke5 Ke3 51. Kd5 f3 52. Re4+ Kd3 53. Rd4+ Ke2 54. Re4+ Be3 0-1

[Event "*** Titled Tuesday Blitz"]
[Site "Chess.com"]
[Date "2020.05.19"]
[Round "3"]
[White "stasiek18"]
[Black "D0wnpour"]
[Result "0-1"]
[WhiteElo "2374"]
[BlackElo "2572"]
[TimeControl "180+1"]
[EndTime "12:29:50 PDT"]
[Termination "D0wnpour won by resignation"]

1. d4 Nf6 2. Bg5 Ne4 3. h4 h6 4.
Bf4 e6 5. Nd2 Bd6 6. Bxd6 Nxd6 7. e4 f5 8. Qh5+ Kf8 9. e5 Nf7 10. Ne2 Rg8 11. Nf4 Nh8 12. Bd3 Qe8 13. Qe2 b6 14.
O-O-O Bb7 15. Rhg1 Nc6 16. c3 Ne7 17. f3 Qf7 18. g4 fxg4 19. fxg4 Qxf4 20. Rdf1 Qxf1+ 21. Rxf1+ Ke8 22. g5 hxg5 23. hxg5 c5 24. Nc4 Bd5 25. Nd6+ Kd8 26. Bh7 Kc7 27. Qa6 Rgd8 28. c4 Bc6 29.
dxc5 Nhg6 30. Bxg6 Nxg6 31. b4 Nxe5 32. b5 Bg2 33. Rg1 Nd3+ 34. Kd2 Nxc5 35. Qa3 Kxd6 36. Qg3+ Ke7 37. Qe5 Bh3 38. Qxg7+ Kd6 39. Qd4+ Kc7 40. g6 Bf5 41. g7 Rg8 42. a4 a5 43. Qe5+ d6 44.
Qf6 Rad8 45. Qf7+ Kb8 46. Kc3 Ne4+ 47. Kd4 Nc5 48. Ke3 Be4 49. Rh1 d5 50. Rh8 Rxh8 51.
gxh8=Q Rxh8 52. Qf6 Rc8 53. cxd5 Bxd5 54. Kd4 Kb7 55. Ke5 Rc7 56. Kd6 Rd7+ 57. Ke5 Nxa4 58.
Qf8 Nc5 59. Kf6 a4 60. Ke5 a3 0-1

[Event "*** Titled Tuesday Blitz"]
[Site "Chess.com"]
[Date "2020.05.19"]
[Round "3"]
[White "bazar-wokzal"]
[Black "djamir"]
[Result "1-0"]
[WhiteElo "2519"]
[BlackElo "2722"]
[TimeControl "180+1"]
[EndTime "12:29:51 PDT"]
[Termination "bazar-wokzal won by checkmate"]

1. e4 Nf6 2. Nc3 d5 3. e5 Ne4 4. Nce2 Nc5 5. d4 Ne6 6. f4 g6 7. Nf3 c5 8. c3 cxd4 9. Nexd4 Nxd4 10. Nxd4 e6 11. Be3 Nc6 12. Be2 Nxd4 13. Qxd4 Bd7 14.
O-O h5 15. c4 Bc6 16. cxd5 Qxd5 17. Bf3 Qxd4 18. Bxc6+ bxc6 19. Bxd4 a6 20. Rac1 Rc8 21. Rc4 Be7 22. Rfc1 Kd7 23. Bb6 Rb8 24. Rd4+ Kc8 25.
Rxc6+ Kb7 26. Rc7+ Kxb6 27. Rxe7 Kc5 28. Rd2 Rhf8 29.
Rc7+ Kb6 30. Rdd7 Rfc8 31. Rxc8 Rxc8 32. Rxf7 Rc1+ 33. Kf2 Rc2+ 34. Kf3 Rxb2 35. Rf6 Kc5 36. Rxe6 Rxa2 37. Rxg6 Kd5 38. Rd6+ Kc5 39. Rd8 a5 40. e6 Ra3+ 41. Ke4 Ra1 42. Rd5+ Kc6 43. Rxh5 Kd6 44. Kf5 Re1 45. Rh8 Rxe6 46. Ra8 Re2 47. g4 Ra2 48. g5 Ke7 49. g6 Rxh2 50. Ra7+ Kf8 51. Kf6 Ke8 52. Rxa5 Rb2 53. Ra8+ Kd7 54. g7 Rb6+ 55. Kf7 Rb4 56. f5 Rb7 57. g8=Q Kd6+ 58.
Kg6 Ke5 59. Qe6+ Kf4 60. Ra4+ Kg3 61. Qe3+ Kg2 62. Ra2+ Kf1 63. Qc1# 1-0

[Event "*** Titled Tuesday Blitz"]
[Site "Chess.com"]
[Date "2020.05.19"]
[Round "3"]
[White "GMartin_Petrov"]
[Black "Chichin_chao"]
[Result "1-0"]
[WhiteElo "2610"]
[BlackElo "2399"]
[TimeControl "180+1"]
[EndTime "12:29:51 PDT"]
[Termination "GMartin_Petrov won by resignation"]

1. c4 e5 2. g3 d6 3. Bg2 Nd7 4. Nc3 Ngf6 5. e3 Be7 6. Nge2 O-O 7. O-O c6 8. d4 Re8 9. b4 Bf8 10. b5 exd4 11. exd4 c5 12. Bf4 Nb6 13. Qd3 Nh5 14. Be3 Be6 15. Bxb7 Bxc4 16. Qf5 g6 17. Qf3 Rb8 18. dxc5 dxc5 19. Rfd1 Qf6 20. Qxf6 Nxf6 21. Bc6 Re6 22. Nf4 Rd6 23. a4 Rbd8 24. a5 Rxd1+ 25. Rxd1 Rxd1+ 26. Nxd1 Nbd5 27. b6 axb6 28. a6 Bxa6 29. Nxd5 Nxd5 30. Bxd5 Bd6 31. Nc3 Kg7 32.
Bc6 Be5 33. Bb5 Bb7 34. Na4 Bc7 35. Bf4 Bd8 36. Be5+ Kf8 37. Bd6+ Kg7 38. Bb8 Be4 39. Ba7 Kf6 40. Bxb6 Bxb6 41. Nxb6 Ke5 42. Kf1 Kd4 43. Ke1 Bb7 44. Kd2 f6 45. Bc4 h6 46. Bf7 g5 47.
Nc4 f5 48. Ne3 Ke5 49. Kd3 h5 50. Bxh5 Ba6+ 51. Nc4+ Bxc4+ 52. Kxc4 f4 53. Bf3 fxg3 54. fxg3 Kd6 55. Bg2 g4 56. Bb7 Kc7 57. Be4 Kd6 58. Bf5 Ke5 59. Bxg4 1-0

[Event "*** Titled Tuesday Blitz"]
[Site "Chess.com"]
[Date "2020.05.19"]
[Round "3"]
[White "LogoCzar"]
[Black "Funo09"]
[Result "0-1"]
[WhiteElo "2453"]
[BlackElo "2720"]
[TimeControl "180+1"]
[EndTime "12:29:53 PDT"]
[Termination "Funo09 won by checkmate"]

1. e4 c5 2. Nf3 Nf6 3. e5 Nd5 4. Nc3 e6 5. Nxd5 exd5 6. d4 Nc6 7. dxc5 Bxc5 8. Bd3 d6 9. exd6 O-O 10. O-O Qxd6 11. a3 Bg4 12. Bxh7+ Kh8 13. Bd3 Rfe8 14. b4 Bb6 15.
Bb2 Bc7 16. g3 Bb6 17. Kg2 Qd7 18. Qd2 Bh3+ 19. Kh1 Qg4 20. Qh6+ Kg8 21. Qh7+ Kf8 22.
Ng5 Qxg5 23. Qxh3 d4 24. Rae1 Qh6 25. Qxh6 gxh6 26. f4 a5 27. b5 Ne7 28. Kg2 Nd5 29. Bc1 Rac8 30. Be4 Ne3+ 31. Bxe3 Rxe4 32. Bd2 Rxe1 33.
Bxe1 Rxc2+ 34. Rf2 Rc1 35. Bd2 Rb1 36. Rf3 Rxb5 37. Rd3 Ke7 38. Kf3 Ke6 39. Ke4 f5+ 40. Kf3 Kd5 41. g4 Kc4 42. Ke2 fxg4 43. Rg3 h5 44. h3 gxh3 45. Rxh3 a4 46. Rg3 Rf5 47. Rg5 d3+ 48. Kd1 Rxg5 49. fxg5 Bd4 50. g6 h4 51. Ke1 Bg7 52. Kf2 Kb3 53. Ke3 Kc2 54. Bb4 h3 55. Kf3 d2 56. Bxd2 Kxd2 57. Kg3 Kc3 58. Kxh3 Kb3 59. Kg4 Kxa3 60. Kf5 b5 61.
Ke6 b4 62. Kf7 Bc3 63. g7 Bxg7 64. Kxg7 b3 65. Kf6 b2 66. Ke6 b1=Q 67. Kd5 Qb4 68. Kc6 Kb3 69. Kc7 a3 70. Kc8 a2 71. Kc7 a1=Q 72. Kc6 Qaa5 73. Kd7 Qbb6 74. Ke8 Qc7 75. Kf8 Qa8# 0-1

[Event "*** Titled Tuesday Blitz"]
[Site "Chess.com"]
[Date "2020.05.19"]
[Round "3"]
[White "VolodymyrMolyboha"]
[Black "RobertoJBM"]
[Result "0-1"]
[WhiteElo "2409"]
[BlackElo "2647"]
[TimeControl "180+1"]
[EndTime "12:29:53 PDT"]
[Termination "RobertoJBM won on time"]

1. e4 c6 2. d4 d5 3. exd5 cxd5 4. Bd3 Nc6 5. c3 Nf6 6. Bf4 g6 7. Nf3 Nh5 8. Be3 Qc7 9. O-O Nf4 10. Bc2 Bg7 11.
Nbd2 Bf5 12. Re1 Bxc2 13. Qxc2 O-O 14. Qb3 e6 15. Bxf4 Qxf4 16. Qxb7 Rfc8 17. Qa6 Rab8 18. Qa3 Rb7 19. Nb3 Rbc7 20. Nc5 Bf8 21. b4 Bd6 22.
Qc1 Qf6 23. Qg5 Qg7 24. h4 Ne7 25. h5 Nf5 26. g4 h6 27. Qd2 gxh5 28. g5 hxg5 29.
Qxg5 Qxg5+ 30. Nxg5 Bf4 31. Nf3 Kg7 32. a4 Kf6 33. a5 Nd6 34. Kf1 Nb5 35. Ke2 Nxc3+ 36. Kd3 Nb5 37. Rh1 Rh8 38. Rae1 Nd6 39. Ne5 Nf5 40.
b5 Bxe5 41. dxe5+ Ke7 42. Na4 Rc4 43. Ra1 Rd4+ 44. Ke2 Re4+ 45. Kf3 Nd4+ 46. Kg2 Rg8+ 47. Kf1 Nxb5 48. Rxh5 Rc8 49. Rb1 a6 50. Nb6 Rc2 51. Re1 Rxe1+ 52. Kxe1 Nd4 53. Kf1 Ra2 54. Nc8+ Kd7 55.
Nb6+ Kc6 56. Nc8 Rxa5 57. Rh7 Nf3 58. Rxf7 Nxe5 59. Re7 Nc4 60. Na7+ Kd6 61. Nc8+ Ke5 62. f4+ Kf6 0-1

[Event "*** Titled Tuesday Blitz"]
[Site "Chess.com"]
[Date "2020.05.19"]
[Round "3"]
[White "Zarikovs1999"]
[Black "Mr_Sinigami"]
[Result "1/2-1/2"]
[WhiteElo "2407"]
[BlackElo "2589"]
[TimeControl "180+1"]
[EndTime "12:29:53 PDT"]
[Termination "Game drawn by repetition"]

1. Nf3 Nf6 2. c4 e6 3. g3 d5 4. Bg2 d4 5. d3 c5 6. b4 cxb4 7.
a3 bxa3 8. O-O Nc6 9. Qa4 Bd6 10. Nxd4 O-O 11. Nxc6 bxc6 12. Bxc6 Rb8 13. Bxa3 Bxa3 14. Qxa3 e5 15. Bg2 Bg4 16. Nc3 h5 17. h3 Be6 18. Qxa7 h4 19. g4 Rb3 20. Ne4 Nxe4 21.
Bxe4 f5 22. Bxf5 Bxf5 23. gxf5 Qg5+ 24. Kh1 Qxf5 25. Qe3 e4 26. Qxe4 Qxh3+ 27. Kg1 Rb6 28.
Ra5 Re6 29. Qg2 Qxg2+ 30. Kxg2 Rxe2 31. c5 Rd2 32. Ra4 g5 33. Rg4 Rf5 34. d4 Kf7 35. Re4 Rf6 36. Re5 Kg6 37. d5 g4 38.
d6 Rf3 39. Re4 Kf5 40. Re8 Rg3+ 41. Kh1 Rh3+ 42. Kg2 Rg3+ 43. Kh1 Rc3 44. Rf8+ Kg6 45. Rg8+ Kh5 46. Rh8+ Kg5 47. Rg8+ Kf4 48. Rf8+ Kg5 49.
Rg8+ Kf5 50. Rf8+ Kg5 51. Rg8+ 1/2-1/2

[Event "*** Titled Tuesday Blitz"]
[Site "Chess.com"]
[Date "2020.05.19"]
[Round "3"]
[White "AnonymousBread"]
[Black "RojonR"]
[Result "1/2-1/2"]
[WhiteElo "2589"]
[BlackElo "2406"]
[TimeControl "180+1"]
[EndTime "12:29:54 PDT"]
[Termination "Game drawn by agreement"]

1. d4 Nf6 2. Nc3 d5 3. Bf4 a6 4.
e3 c5 5. dxc5 Nc6 6. Nf3 Bg4 7.
Be2 e6 8. a3 Bxc5 9. h3 Bh5 10.
O-O O-O 11. Ne5 Bxe2 12. Qxe2 Rc8 13. Rad1 Qe7 14. Na4 Bd6 15. Nxc6 Rxc6 16. Bxd6 Qxd6 17. c4 Qe5 18. cxd5 Nxd5 19. e4 Nf4 20. Qf3 h6 21.
b4 b6 22. Rc1 Rfc8 23. Rxc6 Rxc6 24. Rd1 Rc2 25. Nxb6 Ne2+ 26. Kh1 Nc3 27. Re1 Qd4 28. Qe3 e5 29. Nd5 Nxd5 30. Qxd4 exd4 31. exd5 d3 32. Rd1 d2 33. Kh2 Kf8 34. Kg3 Ke7 35. Kf3 Kd6 36. Ke2 Ra2 37. Rxd2 Rxa3 38. g3 a5 39. bxa5 Rxa5 40.
Ke3 Rxd5 41. Ra2 Ke6 42. Ra6+ Rd6 43. Ra7 Rd7 44. Ra4 Rd6 45. h4 Kf6 46. Kf3 h5 47.
Ra7 g6 48. Ra5 Kg7 49. Kg2 Rf6 50. Ra4 Re6 51. Rd4 Rf6 52. f3 Re6 53. g4 hxg4 54.
fxg4 Re2+ 55. Kg3 Ra2 56. Rd3 Ra4 57. Rf3 Ra5 58. Rf4 Ra6 59. g5 Ra3+ 60. Kg4 Ra1 61. Rf3 Rg1+ 62. Kh3 Rh1+ 63. Kg3 Rg1+ 64. Kh2 Ra1 65. Rf4 Ra2+ 66. Kg3 Ra3+ 67. Kg4 Ra1 68. Rc4 Rg1+ 69. Kf4 Rf1+ 70. Ke5 Re1+ 71. Kd6 Rd1+ 72. Kc7 Rd2 73. Rf4 Rd1 74. Kc6 Rd2 75.
Kc5 Rd1 76. Kc4 Rd2 77. Kc3 Rd1 1/2-1/2